 Dungeon Crawl Stone Soup version 0.30-a0-1043-g60ff8d5f49 (webtiles) character file.

Game seed: 9335975145154522660

480 NinjaNoafa the Firebug (level 6, -1/41 HPs)
             Began as a Mummy Fire Elementalist on Apr 10, 2023.
             Slain by an orc warrior
             ... wielding a +0 trident
              (9 damage)
             ... on level 4 of the Dungeon.
             The game lasted 00:17:30 (2177 turns).

NinjaNoafa the Firebug (Mummy Fire Elementalist)    Turns: 2177, Time: 00:17:31

Health: -1/41      AC:  6    Str: 11    XL:     6   Next: 86%
Magic:  12/19      EV: 12    Int: 16    God:
Gold:   227        SH:  0    Dex: 19    Spells: 8/11 levels left

rFire   x . .      SeeInvis .    g - +0 dagger (venom)
rCold   + . .      Faith    +    (no shield)
rNeg    + + +      Spirit   .    a - +0 robe
rPois   ∞          Reflect  .    d - +0 helmet
rElec   .          Rampage  .    (no cloak)
rCorr   .                        (no gloves)
Will    .....                    h - +2 pair of boots
Stlth   ++                       (no amulet)
HPRegen 0.26/turn                e - ring of magical power
MPRegen 0.16/turn                i - +6 ring of dexterity

@: weak-willed
A: cold resistance 1, negative energy resistance 3, torment resistance 2, heat
vulnerability 1, in touch with death 1, no potions, faith
a: no special abilities


You were on level 4 of the Dungeon.
You visited 1 branch of the dungeon, and saw 4 of its levels.

You collected 227 gold pieces.

Inventory:

Hand Weapons
 g - a +0 dagger of venom (weapon)
Missiles
 j - 8 poisoned darts
Armour
 a - a +0 robe (worn)
 d - a +0 helmet (worn)
 h - a +2 pair of boots (worn)
Jewellery
 e - a ring of magical power (left hand)
 i - a +6 ring of dexterity (right hand)
Scrolls
 b - 2 scrolls of vulnerability
 c - 3 scrolls of identify
 f - a scroll of butterflies {unknown}
 k - a scroll of immolation
 l - a scroll of noise {unknown}
 m - a scroll of acquirement {unknown}
 n - a scroll of magic mapping {unknown}
 o - 2 scrolls of teleportation {unknown}


   Skills:
 - Level 1.5 Dodging
 - Level 1.5 Stealth
 + Level 3.1 Spellcasting
 - Level 4.0 Conjurations
 - Level 5.0 Fire Magic


You had 8 spell levels left.
You knew the following spells:

 Your Spells              Type           Power      Damage    Failure   Level
a - Foxfire               Conj/Fire      64%        2x1d7     3%          1
b - Scorch                Fire           36%        2d7       3%          2

Your spell library contained the following spells:

 Spells                   Type           Power      Damage    Failure   Level
 Inner Flame              Hex/Fire       10%        N/A       21%         3
 Volatile Blastmotes      Fire/Tloc      20%        2d11      21%         3
 Flame Wave               Conj/Fire      16%        2d7       28%         4


Dungeon Overview and Level Annotations

Branches:
Dungeon (4/15)
 Temple: D:4-7

Altars:
Fedhas

Annotations:
D:4 2 exclusions, Dowan, Duvessa, Edmund


Innate Abilities, Weirdness & Mutations

You are immune to poison.
Your flesh is cold resistant. (rC+)
You are immune to negative energy. (rN+++)
You are immune to unholy pain and torment.
You are vulnerable to heat. (rF-)
You are in touch with the powers of death.
You do not drink.
You have a special connection with the divine. (Faith)


Message History

The orc warrior shouts!
The orc shouts!
The orc warrior hits you from afar with a +0 trident.
There is an open door here.
You conjure some foxfire!
The orc warrior completely misses you. The orc attacks as you move away!
The orc barely misses you. The orc barely misses your foxfire.
The foxfire hits the orc warrior but does no damage.
The foxfire hits the orc.
The orc is heavily wounded.
Casting: Foxfire (safe; 3% risk of failure)
Confirm with . or Enter, or press ? or * to list all spells.
Flames lash the orc.
You kill the orc!
The orc warrior closely misses you.
You conjure some foxfire!
The orc warrior hits you from afar with a +0 trident!
* * * LOW HITPOINT WARNING * * *
Unknown command.
Unknown command.
The foxfire hits the orc warrior but does no damage.
The foxfire hits the orc warrior.
The orc warrior is moderately wounded.
The orc warrior hits you from afar with a +0 trident.
* * * LOW HITPOINT WARNING * * *
Unknown command.
Unknown command.
As you read the scroll labelled QEUCYA MIMU, it crumbles to dust.
Magic quickly surges around you.
It was a scroll of vulnerability.
The orc warrior hits you from afar with a +0 trident!
* * * LOW HITPOINT WARNING * * *
As you read the scroll labelled HUBRAT NUNE, it crumbles to dust.
It is a scroll of identify.
k - 2 scrolls of immolation The orc warrior hits you from afar with a +0 trident.
* * * LOW HITPOINT WARNING * * *
Really read the scroll of immolation?
As you read the scroll of immolation, it crumbles to dust.
The creatures around you are filled with an inner flame!
The orc warrior hits you from afar with a +0 trident!
You die...

........#.....
.###.#...##....
.........##.#.######. #
#.................... #
#.##..###...#.#.#.#.#
#.##.##..###.##.#.#.#.#.
#.....o........#.#.#.#.#
####)##.####..#.#!#.#.#.
#...#@# #...#.#.#.#.#
#...#.####..#.#.#.#.#.
+...+...))...#.#.#.#.#
#...#########.#.#.#.#.
#...# #.§#.#.#.#.# #...#
#.#.#.#.#.#. #...#
#..#.#.#v#.#
#.#.#.#.#.#.
............#


You could see an orc warrior (inner flame, weak-willed).

Vanquished Creatures
  A centaur (D:4)
  A gnoll sergeant (D:4)
  A scorpion (D:4)
  2 orc priests
  An iguana (D:4)
  An orc wizard (D:2)
  3 gnolls (D:2)
  3 adders
  A white imp (D:4)
  2 worms
  3 dart slugs
  13 orcs
  12 endoplasms
  2 giant cockroaches
  11 goblins
  7 hobgoblins
  7 kobolds
  2 quokkas (D:1)
  7 ball pythons
  3 bats
  6 frilled lizards
  8 rats
97 creatures vanquished.

Vanquished Creatures (others)
  243 foxfires
243 creatures vanquished.

Grand Total: 340 creatures vanquished

Notes
Turn   | Place    | Note
-------+----------+-------------------------------------------
     0 | D:1      | NinjaNoafa the Mummy Fire Elementalist began the quest for
                  | the Orb.
     0 | D:1      | Reached XP level 1. HP: 13/13 MP: 4/4
   149 | D:1      | Reached skill level 1 in Conjurations
   199 | D:1      | Reached XP level 2. HP: 16/19 MP: 5/5
   204 | D:1      | Learned a level 2 spell: Scorch
   580 | D:1      | Gained mutation: You are in touch with the powers of death.
                  | [Mummy growth]
   580 | D:1      | Reached XP level 3. HP: 24/24 MP: 5/7
   796 | D:2      | Reached skill level 3 in Fire Magic
   844 | D:2      | Reached XP level 4. HP: 30/30 MP: 8/8
   888 | D:2      | You fall into a shaft and drop 1 floor!
  1116 | D:2      | Reached skill level 4 in Fire Magic
  1301 | D:2      | Reached XP level 5. HP: 22/35 MP: 9/9
  1621 | D:3      | Found a blossoming altar of Fedhas.
  1783 | D:4      | Reached skill level 5 in Fire Magic
  1783 | D:4      | Reached XP level 6. HP: 35/41 MP: 9/10
  2062 | D:4      | Noticed Edmund
  2062 | D:4      | Noticed Duvessa
  2062 | D:4      | Noticed Dowan
  2166 | D:4      | Noticed an orc warrior
  2177 | D:4      | Slain by an orc warrior

Illustrated notes

Levels and vault maps discovered:
D:1:      dpeg_arrival_snail, layout_basic, st_stairs_4
D:2:      layout_rooms, st_stairs_8
D:3:      layout_rooms, fedhas_altar_1
D:4:      layout_basic, minmay_temple_entry_grid, st_stairs_4,
          eino_small_chamber_without_monster, minivault_23,
          minmay_quadrilaterals, uniq_edmund, uniq_duvessa

Skill      XL: |  1  2  3  4  5  6 |
---------------+-------------------+-----
Conjurations   | 1 2 4 |  4.0
Fire Magic     | 3 4 5 |  5.0
Spellcasting   | 3 |  3.1
Dodging        | |  1.5
Stealth        | |  1.5

Action                     |  1- 3 |  4- 6 || total
---------------------------+-------+-------++-------
  Melee: Short sword       |     4 |       ||     4
         Dagger            |     4 |    13 ||    17
   Cast: Foxfire           |    62 |    88 ||   150
         Scorch            |     7 |    20 ||    27
    Use: Scroll            |       |     3 ||     3
 Armour: Robe              |     6 |    12 ||    18
  Dodge: Dodged            |    18 |    23 ||    41

Table legend: (Time is in decaauts)
 A = Elapsed time spent in this place.
 B = Non-inter-level travel time spent in this place.
 C = Inter-level travel time spent in this place.
 D = Time resting spent in this place.
 E = Time spent auto-exploring this place.
 F = Levels seen in this place.
 G = Mean time per level.
                   A        B        C        D        E       F      G
               +--------+--------+--------+--------+--------+-----+--------+
         Total |   2176 |   2059 |    117 |    145 |   1267 |   4 |  544.0 |
       Dungeon |   2176 |   2059 |    117 |    145 |   1267 |   4 |  544.0 |
               +--------+--------+--------+--------+--------+-----+--------+

Top non-repeatable levels by time:
     D:1: 742 daAuts
     D:2: 551 daAuts
     D:3: 481 daAuts
     D:4: 401 daAuts
